 Dungeon Crawl Stone Soup version 0.29-a0-1016-g236c7fd91e (webtiles) character file.

Game seed: 17961332947329732051

7 flotson the Sneak (level 1, -1/18 HPs)
             Began as a Demonspawn Delver on Aug 9, 2022.
             Slain by a phantom (4 damage)
             ... on level 5 of the Dungeon.
             The game lasted 00:01:01 (515 turns).

flotson the Sneak (Demonspawn Delver)                Turns: 515, Time: 00:01:02

Health: -1/18      AC:  3    Str: 12    XL:     1   Next: 91%
Magic:  1/1        EV: 12    Int: 11    God:
Gold:   7          SH:  0    Dex: 14    Spells: 0/0 levels left

rFire   . . .      SeeInvis .   a - +0 spear
rCold   . . .      Faith    .   (no shield)
rNeg    . . .      Spirit   .   b - +0 leather armour
rPois   .          Reflect  .   (no helmet)
rElec   .          Harm     .   (no cloak)
rCorr   .          Rampage  .   (no gloves)
Will    .....                   (no boots)
Stlth   ++........              (no amulet)
HPRegen 0.06/turn               (no ring)
MPRegen 0.07/turn               (no ring)

@: no status effects
A: no striking features
a: no special abilities


You were on level 5 of the Dungeon.
You visited 1 branch of the dungeon, and saw 2 of its levels.

You collected 7 gold pieces.

Inventory:

Hand Weapons
 a - a +0 spear (weapon)
Armour
 b - a +0 leather armour (worn)
Wands
 g - a wand of digging (3)
Scrolls
 c - a scroll of fog
 d - a scroll of magic mapping
 e - a scroll of fear
 h - a scroll of immolation {unknown}
 i - a scroll of teleportation {unknown}
Potions
 f - a potion of haste
 j - a potion of invisibility {unknown}


   Skills:
 + Level 3.1 Fighting
 - Level 1.7 Polearms
 + Level 0.4 Armour
 + Level 2.0 Dodging
 - Level 4.5 Stealth
 + Level 0.5 Evocations


You couldn't memorise any spells.
You didn't know any spells.
Your spell library contained the following spells:

 Spells                   Type           Power      Damage    Failure   Level
 Necrotise                Necr           0%         1d4       41%         1
 Vampiric Draining        Necr           0%         2d6       80%         3
 Agony                    Necr           0%         N/A       100%        5


Dungeon Overview and Level Annotations

Branches:
Dungeon (5/15)
 Temple: D:4-7

Altars:

Annotations:
D:5 Ijyb


Message History

The goblin attacks as you move away! The goblin hits you but does no damage.
You hit the goblin.
You kill the goblin!
Your Dodging skill increases to level 2!
You start resting.
A phantom is nearby!
There is a stone staircase leading down here.
You climb downwards.
You hear the sound of rushing water.
There is an entrance to a sewer on this level.
Hurry and find it before the portal rusts away!
Level annotation: Ijyb You hear the brisk rusting of a very distant drain.
There is a stone staircase leading up here.
HP restored.
A scorpion and a hound come into view.
There is a stone staircase leading up here.
You climb upwards.
The phantom hits you.
The phantom blinks!
You blink.
The phantom attacks as you move away!
The phantom hits you but does no damage.
The phantom attacks as you move away! The phantom misses you.
There is a stone staircase leading down here.
The phantom hits you but does no damage.
You climb downwards.
You hear the sound of rushing water.
There is an entrance to a sewer on this level.
Hurry and find it before the portal rusts away!
Level annotation: Ijyb You hear the brisk rusting of a very distant drain.
There is a stone staircase leading up here.
Found 3 stones.
The phantom attacks as you move away!
The phantom hits you but does no damage.
The phantom attacks as you move away! The phantom hits you.
The phantom attacks as you move away! The phantom hits you.
Found an emerald potion.
You see here an emerald potion.
j - an emerald potion The phantom hits you.
* * * LOW HITPOINT WARNING * * *
The phantom attacks as you move away! The phantom hits you.
You die...

≈# .#.###.©.# ≈###
#.......
≈≈≈≈≈≈≈≈≈≈≈~ ≈≈≈
≈≈≈≈≈ .......
#.#.. .# #...# #.#
#@# #.# # #W# #..
#h #.# #(# .###
#.# #.# ## ## ...
#.###.###...####..
#.........#...<...
#####.###...####s.
#.# ## ##. #.# .


You could see a phantom.

Vanquished Creatures
  A giant cockroach (D:4)
  3 goblins (D:4)
  A quokka (D:4)
  A ball python (D:4)
6 creatures vanquished.

Notes
Turn   | Place    | Note
-------+----------+-------------------------------------------
     0 | D:5      | flotson the Demonspawn Delver began the quest for the Orb.
     0 | D:5      | Reached XP level 1. HP: 18/18 MP: 1/1
    12 | D:5      | Noticed Ijyb
    27 | D:5      | Noticed a hound
   390 | D:4      | Noticed a howler monkey
   424 | D:4      | Noticed a phantom
   485 | D:5      | Noticed a scorpion
   485 | D:5      | Noticed a hound
   515 | D:5      | Slain by a phantom

Illustrated notes

Levels and vault maps discovered:
D:4:      layout_rooms, gammafunk_ghost_nasty_kobolds, minivault_26
D:5:      layout_loops_ring, mainiacjoe_overflow_brackets,
          gammafunk_ghost_gnarly_gnolls, cheibrodos_sewer_entry_drain,
          minmay_small_thing, uniq_ijyb

Skill      XL: |  1 |
---------------+----+-----
Dodging        | 2 |  2.0
Fighting       | |  3.1
Polearms       | |  1.7
Armour         | |  0.4
Stealth        | |  4.5
Evocations     | |  0.5

Action                   || total
-------------------------++-------
Melee: Spear             ||    21
 Stab: Sleeping          ||     3
Armor: Leather armour    ||    11
Dodge: Dodged            ||     8

Table legend: (Time is in decaauts)
 A = Elapsed time spent in this place.
 B = Non-inter-level travel time spent in this place.
 C = Inter-level travel time spent in this place.
 D = Time resting spent in this place.
 E = Time spent auto-exploring this place.
 F = Levels seen in this place.
 G = Mean time per level.
                   A        B        C        D        E       F      G
               +--------+--------+--------+--------+--------+-----+--------+
         Total |    515 |    515 |      0 |      3 |    397 |   2 |  257.5 |
       Dungeon |    515 |    515 |      0 |      3 |    397 |   2 |  257.5 |
               +--------+--------+--------+--------+--------+-----+--------+

Top non-repeatable levels by time:
     D:4: 416 daAuts
     D:5: 98 daAuts
